 Dungeon Crawl Stone Soup version 0.29.1-12-g30fa7ad0bf (webtiles) character file.

Game seed: 14350989383400956147

258 BigDaddyOpFi the Chopper (level 5, -1/66 HPs)
             Began as a Palentonga Berserker on Jan 11, 2023.
             Was a Believer of Trog.
             Slain by Duvessa
             ... wielding a +0 short sword
              (15 damage)
             ... on level 4 of the Dungeon.
             The game lasted 00:03:38 (2763 turns).

BigDaddyOpFi the Chopper (Palentonga Berserker)     Turns: 2763, Time: 00:03:39

Health: -1/66      AC: 10    Str: 25    XL:     5   Next: 94%
Magic:  5/5        EV:  8    Int: 13    God:    Trog [**....]
Gold:   95         SH:  0    Dex:  9    Spells: 4/4 levels left

rFire   . . .      SeeInvis +   b - +0 war axe
rCold   . . .      Faith    .   (no shield)
rNeg    . . .      Spirit   .   k - +0 scale mail
rPois   .          Reflect  .   (no helmet)
rElec   .          Harm     .   n - +0 cloak
rCorr   .          Rampage  .   d - +1 pair of gloves
Will    +....                   (no barding)
Stlth   ..........              (no amulet)
HPRegen 0.21/turn               c - ring of willpower
MPRegen 0.09/turn               f - +6 ring of intelligence

@: berserking, very quick
A: large, rugged brown scales 3, see invisible, deformed body, roll 1, armoured
tail
a: Rolling Charge, Renounce Religion, Berserk, Trog's Hand


You were on level 4 of the Dungeon.
You worshipped Trog.
Trog was pleased with you.
You visited 1 branch of the dungeon, and saw 4 of its levels.

You collected 95 gold pieces.

Inventory:

Hand Weapons
 b - a +0 war axe (weapon)
Armour
 d - a +1 pair of gloves (worn)
 k - a +0 scale mail (worn)
 n - a +0 cloak (worn)
Jewellery
 c - a ring of willpower (left hand)
 f - a +6 ring of intelligence (right hand)
Scrolls
 a - a scroll of identify
 i - 3 scrolls of silence
 m - a scroll of poison
Potions
 e - 3 potions of attraction
 g - a potion of mutation
 h - 2 potions of brilliance {unknown}
 j - 2 potions of curing


   Skills:
 + Level 4.2 Fighting
 + Level 4.2 Axes
 + Level 2.9 Armour
 + Level 2.8 Dodging


You had 4 spell levels left.
You didn't know any spells.
Your spell library was empty.

Dungeon Overview and Level Annotations

Branches:
Dungeon (4/15)
 Temple: D:4-7

Altars:

Annotations:
D:4 Duvessa


Innate Abilities, Weirdness & Mutations

You are completely covered in rugged brown scales. (AC +3, +7% HP)
You have supernaturally acute eyesight. (SInv)
Armour fits poorly on your strangely shaped body.
You can roll at nearby foes to attack.
You have a long armoured tail.


Message History

a - a scroll of identify
Found a stone staircase leading up.
Dowan, Brother of Duvessa comes into view.
He is wielding a +0 dagger and wearing a +2 robe of positive energy.
Dowan shouts!
You hear a shout!
Dowan is nearby!
Dowan is nearby!
Duvessa, Sister of Dowan comes into view.
She is wielding a +0 short sword and wearing a +0 leather armour of positive energy.
You roll forward with a clatter of scales!
You slice Dowan!!
You kill Dowan!
Trog accepts your kill.
Trog appreciates your killing of a magic user.
Duvessa screams in rage.
Duvessa goes berserk!
You hear a shout!
You barely miss Duvessa. Duvessa hits you with a +0 short sword!
Duvessa hits you with a +0 short sword.
You hit Duvessa.
Duvessa is lightly wounded.
Duvessa hits you with a +0 short sword. x2
A red film seems to cover your vision as you go berserk!
You feel yourself moving faster!
You feel mighty! Duvessa hits you with a +0 short sword.
You barely miss Duvessa.
Duvessa is lightly wounded.
Duvessa hits you with a +0 short sword!
* * * LOW HITPOINT WARNING * * *
A kobold comes into view. It is wielding a +0 long sword.
You closely miss Duvessa.
Duvessa is lightly wounded.
Duvessa hits you with a +0 short sword.
* * * LOW HITPOINT WARNING * * *
Duvessa hits you but does no damage.
You slash Duvessa! You tail-slap Duvessa.
Duvessa is heavily wounded.
Duvessa barely misses you.
You hit Duvessa but do no damage.
Duvessa is heavily wounded.
You barely miss the kobold. Duvessa hits you with a +0 short sword!
You die...

.###...# .# # .......#
.##.#.# .⌠.....#
##..$...#
.......#########<.. ..#
####).........##.# #..#
.................##...
............>.##......#
####...######.....##<.#
#...# #.##@.# # #...#
#.#.eK....# #...#
#.#.#.##### #...# #.#.
.# ..... #... .# ..>..
#.. ## #.# ..


You could see Duvessa (berserk) and a kobold.

Vanquished Creatures
  An ogre (D:3)
  Dowan (D:4)
  An orc wizard (D:4)
  2 adders
  An ufetubus (D:4)
  4 worms
  2 dart slugs
  2 orcs (D:4)
  14 endoplasms
  2 giant cockroaches
  4 goblins
  6 hobgoblins
  4 jackals (D:1)
  3 kobolds
  2 quokkas (D:1)
  4 ball pythons
  2 bats
  A frilled lizard (D:3)
  4 rats
60 creatures vanquished.

Notes
Turn   | Place    | Note
-------+----------+-------------------------------------------
     0 | D:1      | BigDaddyOpFi the Palentonga Berserker began the quest for
                  | the Orb.
     0 | D:1      | Reached XP level 1. HP: 19/19 MP: 1/1
   258 | D:1      | Reached XP level 2. HP: 12/25 MP: 2/2
   942 | D:2      | Reached XP level 3. HP: 31/31 MP: 3/3
  1192 | D:2      | Reached ** piety under Trog
  1600 | D:3      | Noticed an ogre
  1607 | D:3      | Killed an ogre
  1608 | D:3      | Reached XP level 4. HP: 9/39 MP: 4/4
  1838 | D:3      | Reached XP level 5. HP: 41/44 MP: 5/5
  2753 | D:4      | Noticed Dowan
  2754 | D:4      | Noticed Duvessa
  2756 | D:4      | Killed Dowan
  2763 | D:4      | Slain by Duvessa

Illustrated notes

Levels and vault maps discovered:
D:1:      beargit_arrival_greenhouse, layout_loops_cross
D:2:      layout_loops_ring, kennysheep_pointless_box
D:3:      layout_rooms, solitary_fountain, roderic_lattice_a
D:4:      layout_loops_cross, nzn_hepliaklqana_mist_gate, lemuel_doored_altar,
          nicolae_elevator_lobby_asterisk, uniq_duvessa

Skill      XL: |  1  2  3  4  5 |
---------------+----------------+-----
Armour         | 2 |  2.9
Dodging        | 2 |  2.8
Axes           | 4 |  4.2
Fighting       | 4 |  4.2

Action                   |  1- 3 |  4- 6 || total
-------------------------+-------+-------++-------
Melee: Hand axe          |    79 |     2 ||    81
       Tailslap          |    11 |     9 ||    20
       Punch             |     4 |     2 ||     6
       War axe           |       |    69 ||    69
Invok: Berserk           |     1 |     1 ||     2
 Abil: Rolling Charge    |    24 |    13 ||    37
  Use: Potion            |     3 |       ||     3
       Scroll            |     4 |     3 ||     7
Armor: Animal skin       |    16 |       ||    16
       Scale mail        |     1 |    29 ||    30
Dodge: Dodged            |    25 |    32 ||    57
